[ AOE2 MATCH · #467558698 ]
UnrankedByzantines vs Britons
[ REPLAY ANALYSIS · EXTRACTED FROM THE RECORDED GAME ]
Feudal
10:29
Castle
23:53
Imperial
32:16
| APM avg | 21.4 |
| APM peak | 81 |
| eAPM avg | 9.2 |
| Villagers / military | 79 / 84 |
Focus
⚔️ 26.5% · 🌾 73.5%
Cataphract ×71 · Trade Cart ×6 · Scout Cavalry ×4 · Knight ×3 · Skirmisher ×3 · Trebuchet (Packed) ×2
Feudal
13:28
Castle
17:23
Imperial
33:25
| APM avg | 18.9 |
| APM peak | 44 |
| eAPM avg | 16.7 |
| Villagers / military | 252 / 114 |
Focus
⚔️ 18.4% · 🌾 81.6%
Archer ×108 · Trebuchet (Packed) ×5 · Monk ×1
Feudal
14:37
Castle
18:18
Imperial
32:20
| APM avg | 25.3 |
| APM peak | 55 |
| eAPM avg | 17.7 |
| Villagers / military | 220 / 293 |
Focus
⚔️ 33.2% · 🌾 66.8%
Hand Cannoneer ×236 · Bombard Cannon ×34 · Trebuchet (Packed) ×22 · Monk ×1
Feudal
9:44
Castle
17:58
Imperial
33:15
| APM avg | 17.2 |
| APM peak | 71 |
| eAPM avg | 10.1 |
| Villagers / military | 102 / 212 |
Focus
⚔️ 19.4% · 🌾 80.6%
Spearman ×201 · Longbowman ×9 · Trebuchet (Packed) ×2 · Trade Cart ×1
Feudal
11:15
Castle
13:56
Imperial
33:45
| APM avg | 33.8 |
| APM peak | 74 |
| eAPM avg | 13.8 |
| Villagers / military | 96 / 52 |
Focus
⚔️ 27.4% · 🌾 72.6%
Battle Elephant ×23 · Knight ×16 · Battering Ram ×4 · Monk ×3 · Trebuchet (Packed) ×3 · Mangonel ×2
Feudal
14:04
Castle
20:04
Imperial
37:48
| APM avg | 12.6 |
| APM peak | 27 |
| eAPM avg | 11.3 |
| Villagers / military | 117 / 113 |
Focus
⚔️ 30.0% · 🌾 70.0%
Camel Scout ×92 · Trade Cart ×22 · Spearman ×11 · Mangonel ×6 · Scout Cavalry ×2 · Trebuchet (Packed) ×2
Feudal
12:22
Castle
16:16
Imperial
33:26
| APM avg | 19.7 |
| APM peak | 66 |
| eAPM avg | 12.3 |
| Villagers / military | 139 / 221 |
Focus
⚔️ 29.2% · 🌾 70.8%
Obuch ×138 · Knight ×75 · Trebuchet (Packed) ×4 · Monk ×2 · Petard ×2
Feudal
13:19
Castle
19:27
Imperial
41:20
| APM avg | 20.0 |
| APM peak | 92 |
| eAPM avg | 14.2 |
| Villagers / military | 107 / 111 |
Focus
⚔️ 30.2% · 🌾 69.8%
Fire Lancer ×62 · War Wagon ×36 · Iron Pagoda ×7 · Battering Ram ×4 · Bombard Cannon ×2
Match map
Initial resources + every placement click. Lines = walls · curves = elevation contours. ◆ gold · ⬟ stone · ● berries · ✦ relic · ◌ wall gap
Your base· ✓ Closed at 23:53 · 0t walls · 3 gate(s)
konif's base· ✓ Closed at 17:23 · 0t walls · 3 gate(s)
SamTheSlayer's base· ✓ Closed at 18:18 · 0t walls · 3 gate(s)
Billyboy's base· ✓ Closed at 17:58 · 0t walls · 2 gate(s)
ystimesome's base· ✓ Closed at 13:56 · 0t walls · 2 gate(s)
Garloc's base· ✓ Closed at 20:04 · 0t walls · 2 gate(s)
SilverWolf's base· ✓ Closed at 16:16 · 1t walls · 2 gate(s)
Namtar's base· ✓ Closed at 19:27 · 0t walls · 3 gate(s)
Smoothed initial terrain · ◌ = detected wall gap · hover for details
Inputs per minute
— Yaee - - konif
Build order — Yaee
First 150 of 284 actions detected
| 0:03 | Create | Villager (Male) |
| 0:04 | Create | Villager (Male) |
| 0:04 | Create | Villager (Male) |
| 0:08 | Build | House |
| 0:10 | Build | House |
| 0:43 | Create | Villager (Male) |
| 0:43 | Create | Villager (Male) |
| 0:44 | Create | Villager (Male) |
| 1:51 | Create | Villager (Male) |
| 1:51 | Create | Villager (Male) |
| 2:55 | Create | Villager (Male) |
| 2:55 | Create | Villager (Male) |
| 2:56 | Create | Villager (Male) |
| 3:20 | Research | Loom |
| 3:48 | Create | Villager (Male) |
| 3:48 | Create | Villager (Male) |
| 5:17 | Create | Villager (Male) |
| 5:18 | Create | Villager (Male) |
| 5:18 | Create | Villager (Male) |
| 5:39 | Create | Villager (Male) |
| 6:12 | Build | House |
| 6:20 | Build | Lumber Camp |
| 7:04 | Create | Villager (Male) |
| 7:32 | Build | Mill |
| 7:48 | Create | Villager (Male) |
| 8:00 | Build | House |
| 8:05 | Create | Villager (Male) |
| 8:17 | Research | Feudal Age |
| 8:34 | Build | Mining Camp |
| 10:01 | Create | Villager (Male) |
| 10:01 | Create | Villager (Male) |
| 10:29 | Age | Feudal Age |
| 10:33 | Research | Horse Collar |
| 10:36 | Research | Double-Bit Axe |
| 11:18 | Create | Villager (Male) |
| 11:45 | Create | Villager (Male) |
| 12:00 | Build | House |
| 12:07 | Create | Villager (Male) |
| 12:33 | Create | Villager (Male) |
| 12:40 | Build | Barracks |
| 12:54 | Create | Villager (Male) |
| 13:06 | Create | Villager (Male) |
| 13:13 | Build | Farm |
| 13:14 | Build | Farm |
| 13:19 | Build | Farm |
| 13:26 | Create | Villager (Male) |
| 13:41 | Create | Villager (Male) |
| 13:49 | Build | House |
| 14:07 | Build | Stable |
| 14:22 | Create | Villager (Male) |
| 14:58 | Research | Wheelbarrow |
| 15:07 | Build | Market |
| 15:12 | Create | Villager (Male) |
| 15:18 | Build | Farm |
| 15:20 | Build | Farm |
| 15:22 | Build | Farm |
| 15:52 | Research | Stone Mining |
| 16:04 | Build | Mining Camp |
| 16:25 | Create | Villager (Male) |
| 16:42 | Build | Mill |
| 16:46 | Build | Blacksmith |
| 17:36 | Create | Scout Cavalry |
| 17:36 | Create | Scout Cavalry |
| 17:36 | Create | Scout Cavalry |
| 17:37 | Create | Scout Cavalry |
| 17:59 | Build | House |
| 18:03 | Create | Villager (Male) |
| 18:03 | Create | Villager (Male) |
| 18:35 | Build | House |
| 18:56 | Create | Villager (Male) |
| 19:06 | Build | House |
| 19:08 | Build | House |
| 19:55 | Build | Farm |
| 19:56 | Create | Villager (Male) |
| 19:57 | Create | Villager (Male) |
| 20:32 | Build | Farm |
| 20:35 | Build | House |
| 21:01 | Build | Farm |
| 21:13 | Research | Castle Age |
| 21:16 | Build | House |
| 21:23 | Build | Lumber Camp |
| 21:52 | Build | Archery Range |
| 23:12 | Build | House |
| 23:13 | Build | House |
| 23:17 | Create | Villager (Male) |
| 23:17 | Create | Villager (Male) |
| 23:25 | Create | Skirmisher |
| 23:26 | Create | Skirmisher |
| 23:28 | Create | Skirmisher |
| 23:53 | Age | Castle Age |
| 23:56 | Build | Town Center |
| 24:04 | Create | Villager (Male) |
| 24:21 | Create | Villager (Male) |
| 24:29 | Build | Farm |
| 24:33 | Build | House |
| 24:41 | Build | Castle |
| 24:56 | Build | Farm |
| 25:09 | Research | Heavy Plow |
| 25:11 | Research | Bow Saw |
| 25:15 | Research | Gold Mining |
| 25:19 | Create | Villager (Male) |
| 25:20 | Create | Villager (Male) |
| 25:24 | Build | Lumber Camp |
| 25:26 | Create | Villager (Male) |
| 25:30 | Build | Farm |
| 25:40 | Build | Farm |
| 26:04 | Create | Knight |
| 26:04 | Create | Knight |
| 26:05 | Create | Knight |
| 26:08 | Build | Farm |
| 26:10 | Create | Villager (Male) |
| 26:10 | Create | Villager (Male) |
| 26:13 | Create | Villager (Male) |
| 26:38 | Build | House |
| 26:43 | Build | Farm |
| 26:47 | Create | Villager (Male) |
| 26:49 | Create | Villager (Male) |
| 26:55 | Research | Gold Shaft Mining |
| 27:05 | Build | Farm |
| 27:08 | Create | Villager (Male) |
| 27:14 | Create | Villager (Male) |
| 27:24 | Build | House |
| 27:26 | Build | Farm |
| 27:31 | Create | Villager (Male) |
| 27:32 | Create | Villager (Male) |
| 28:00 | Build | Stable |
| 28:52 | Build | Mining Camp |
| 29:06 | Research | Imperial Age |
| 32:16 | Age | Imperial Age |
| 32:57 | Create | Villager (Male) |
| 32:57 | Create | Villager (Male) |
| 32:58 | Create | Villager (Male) |
| 33:00 | Research | Hand Cart |
| 33:06 | Build | Farm |
| 33:07 | Build | Farm |
| 33:09 | Build | Farm |
| 33:11 | Build | Farm |
| 33:16 | Research | Conscription |
| 33:26 | Create | Villager (Male) |
| 33:26 | Create | Villager (Male) |
| 33:27 | Create | Villager (Male) |
| 33:33 | Create | Villager (Male) |
| 33:33 | Create | Villager (Male) |
| 33:34 | Create | Villager (Male) |
| 33:43 | Research | Stone Shaft Mining |
| 33:45 | Research | Two-Man Saw |
| 34:02 | Build | Farm |
| 34:24 | Build | Farm |
| 34:29 | Research | Cavalier (upgrade) |
| 34:29 | Research | Husbandry |
Build order — konif
First 150 of 472 actions detected
| 0:04 | Create | Villager (Male) |
| 0:04 | Create | Villager (Male) |
| 0:04 | Create | Villager (Male) |
| 0:06 | Build | House |
| 0:08 | Build | House |
| 0:12 | Build | House |
| 0:13 | Build | House |
| 0:14 | Build | House |
| 0:15 | Build | House |
| 0:44 | Create | Villager (Male) |
| 0:44 | Create | Villager (Male) |
| 1:25 | Create | Villager (Male) |
| 2:02 | Create | Villager (Male) |
| 2:26 | Create | Villager (Male) |
| 2:26 | Create | Villager (Male) |
| 2:39 | Create | Villager (Male) |
| 2:58 | Create | Villager (Male) |
| 3:28 | Create | Villager (Male) |
| 3:28 | Create | Villager (Male) |
| 3:34 | Create | Villager (Male) |
| 3:34 | Create | Villager (Male) |
| 4:02 | Create | Villager (Male) |
| 4:39 | Create | Villager (Male) |
| 5:17 | Create | Villager (Male) |
| 5:45 | Build | Mill |
| 5:47 | Create | Villager (Male) |
| 6:29 | Create | Villager (Male) |
| 6:43 | Create | Villager (Male) |
| 6:50 | Build | Mining Camp |
| 6:57 | Create | Villager (Male) |
| 7:13 | Build | Lumber Camp |
| 7:26 | Create | Villager (Male) |
| 8:17 | Create | Villager (Male) |
| 8:17 | Create | Villager (Male) |
| 8:34 | Build | Farm |
| 8:46 | Build | Farm |
| 9:11 | Build | Farm |
| 9:33 | Create | Villager (Male) |
| 9:33 | Create | Villager (Male) |
| 9:34 | Create | Villager (Male) |
| 9:45 | Build | Farm |
| 9:50 | Build | Farm |
| 9:55 | Build | Farm |
| 10:06 | Build | Farm |
| 10:30 | Build | Farm |
| 10:42 | Research | Feudal Age |
| 10:46 | Research | Loom |
| 10:46 | Create | Villager (Male) |
| 11:07 | Build | Outpost |
| 11:18 | Research | Feudal Age |
| 12:18 | Build | Outpost |
| 12:54 | Build | Outpost |
| 12:59 | Create | Villager (Male) |
| 13:00 | Create | Villager (Male) |
| 13:28 | Age | Feudal Age |
| 13:40 | Build | Market |
| 13:47 | Build | Blacksmith |
| 13:58 | Research | Town Watch |
| 14:22 | Build | Outpost |
| 14:29 | Research | Castle Age |
| 14:39 | Research | Horse Collar |
| 14:43 | Research | Double-Bit Axe |
| 15:39 | Create | Villager (Male) |
| 15:40 | Create | Villager (Male) |
| 17:23 | Age | Castle Age |
| 17:27 | Research | Wheelbarrow |
| 17:33 | Build | Town Center |
| 17:45 | Build | Town Center |
| 18:03 | Research | Town Patrol |
| 18:42 | Create | Villager (Male) |
| 18:42 | Create | Villager (Male) |
| 18:49 | Research | Bow Saw |
| 18:52 | Research | Heavy Plow |
| 18:55 | Create | Villager (Male) |
| 18:55 | Create | Villager (Male) |
| 19:24 | Build | Farm |
| 19:25 | Build | Farm |
| 19:25 | Build | Farm |
| 19:25 | Build | Farm |
| 19:33 | Create | Villager (Male) |
| 19:33 | Create | Villager (Male) |
| 19:35 | Create | Villager (Male) |
| 19:51 | Build | Stone Wall |
| 19:53 | Build | Stone Wall |
| 19:54 | Build | Stone Wall |
| 19:55 | Build | Stone Wall |
| 19:57 | Create | Villager (Male) |
| 19:58 | Create | Villager (Male) |
| 20:20 | Build | Town Center |
| 20:28 | Create | Villager (Male) |
| 20:28 | Create | Villager (Male) |
| 20:28 | Create | Villager (Male) |
| 20:29 | Create | Villager (Male) |
| 20:34 | Build | Monastery |
| 20:45 | Build | Monastery |
| 20:48 | Create | Villager (Male) |
| 20:48 | Create | Villager (Male) |
| 20:49 | Create | Villager (Male) |
| 20:54 | Build | University |
| 21:16 | Create | Villager (Male) |
| 21:16 | Create | Villager (Male) |
| 21:37 | Create | Villager (Male) |
| 21:37 | Create | Villager (Male) |
| 21:37 | Create | Villager (Male) |
| 22:00 | Build | Stone Wall |
| 22:02 | Build | Stone Wall |
| 22:04 | Build | Stone Wall |
| 22:07 | Create | Villager (Male) |
| 22:07 | Create | Villager (Male) |
| 22:07 | Create | Villager (Male) |
| 22:08 | Create | Villager (Male) |
| 22:09 | Create | Villager (Male) |
| 22:20 | Build | Farm |
| 22:20 | Build | Farm |
| 22:20 | Build | Farm |
| 22:21 | Build | Farm |
| 22:21 | Build | Farm |
| 22:25 | Build | Farm |
| 22:25 | Build | Farm |
| 22:25 | Build | Farm |
| 22:26 | Build | Farm |
| 22:26 | Build | Farm |
| 22:37 | Create | Villager (Male) |
| 22:38 | Create | Villager (Male) |
| 22:38 | Create | Villager (Male) |
| 23:08 | Create | Villager (Male) |
| 23:08 | Create | Villager (Male) |
| 23:08 | Create | Villager (Male) |
| 23:08 | Create | Villager (Male) |
| 23:20 | Research | Fortified Wall (upgrade) |
| 23:30 | Create | Villager (Male) |
| 23:30 | Create | Villager (Male) |
| 23:31 | Create | Villager (Male) |
| 23:35 | Create | Villager (Male) |
| 23:35 | Create | Villager (Male) |
| 23:47 | Build | House |
| 23:49 | Build | House |
| 23:50 | Build | House |
| 23:52 | Build | House |
| 23:53 | Build | House |
| 23:55 | Build | House |
| 23:56 | Build | House |
| 23:57 | Build | House |
| 24:02 | Build | House |
| 24:33 | Create | Villager (Male) |
| 24:33 | Create | Villager (Male) |
| 24:34 | Research | Hand Cart |
| 24:48 | Create | Villager (Male) |
| 24:48 | Create | Villager (Male) |
| 24:48 | Create | Villager (Male) |
Build order — SamTheSlayer
First 150 of 433 actions detected
| 0:05 | Build | House |
| 0:08 | Create | Villager (Male) ×4 |
| 0:08 | Create | Villager (Male) ×4 |
| 0:32 | Build | House |
| 0:33 | Build | House |
| 0:35 | Build | House |
| 0:36 | Build | House |
| 0:36 | Build | House |
| 0:38 | Build | House |
| 0:38 | Build | House |
| 1:31 | Create | Villager (Male) |
| 1:31 | Create | Villager (Male) |
| 2:11 | Create | Villager (Male) |
| 2:11 | Create | Villager (Male) |
| 2:29 | Create | Villager (Male) |
| 2:29 | Create | Villager (Male) |
| 2:54 | Create | Villager (Male) |
| 2:54 | Create | Villager (Male) |
| 3:08 | Create | Villager (Male) |
| 3:09 | Create | Villager (Male) |
| 3:09 | Create | Villager (Male) |
| 3:37 | Create | Villager (Male) |
| 3:37 | Create | Villager (Male) |
| 3:59 | Create | Villager (Male) |
| 3:59 | Create | Villager (Male) |
| 4:23 | Create | Villager (Male) |
| 4:23 | Create | Villager (Male) |
| 5:03 | Build | Lumber Camp |
| 5:11 | Create | Villager (Male) ×2 |
| 5:11 | Create | Villager (Male) ×2 |
| 5:30 | Create | Villager (Male) |
| 5:30 | Create | Villager (Male) |
| 5:44 | Create | Villager (Male) |
| 5:44 | Create | Villager (Male) |
| 6:36 | Create | Villager (Male) ×2 |
| 6:36 | Create | Villager (Male) ×2 |
| 7:10 | Build | Lumber Camp |
| 8:17 | Create | Villager (Male) ×5 |
| 8:17 | Create | Villager (Male) ×5 |
| 8:18 | Create | Villager (Male) ×2 |
| 9:08 | Research | Loom |
| 9:13 | Create | Villager (Male) ×5 |
| 9:13 | Create | Villager (Male) ×5 |
| 9:14 | Create | Villager (Male) |
| 9:25 | Build | Mill |
| 9:52 | Build | Mill |
| 10:04 | Create | Villager (Male) ×4 |
| 10:05 | Create | Villager (Male) ×4 |
| 10:52 | Build | Mill |
| 10:56 | Create | Villager (Male) |
| 10:56 | Create | Villager (Male) |
| 11:28 | Create | Villager (Male) |
| 11:28 | Create | Villager (Male) |
| 11:46 | Create | Villager (Male) |
| 11:46 | Create | Villager (Male) |
| 12:13 | Build | Mining Camp |
| 12:20 | Research | Feudal Age |
| 12:38 | Build | Mill |
| 13:12 | Create | Villager (Male) ×5 |
| 13:12 | Create | Villager (Male) ×5 |
| 13:12 | Create | Villager (Male) ×4 |
| 14:01 | Create | Villager (Male) ×2 |
| 14:01 | Create | Villager (Male) ×2 |
| 14:37 | Age | Feudal Age |
| 14:52 | Build | Blacksmith |
| 14:55 | Build | Market |
| 15:11 | Research | Double-Bit Axe |
| 15:14 | Research | Horse Collar |
| 15:38 | Research | Castle Age |
| 15:38 | Research | Castle Age |
| 15:56 | Build | Mining Camp |
| 16:24 | Create | Villager (Male) |
| 16:24 | Create | Villager (Male) |
| 16:27 | Research | Gold Mining |
| 16:37 | Research | Stone Mining |
| 17:21 | Create | Villager (Male) |
| 17:21 | Create | Villager (Male) |
| 18:18 | Age | Castle Age |
| 18:32 | Build | Town Center |
| 18:43 | Build | Town Center |
| 18:50 | Research | Heavy Plow |
| 18:56 | Research | Bow Saw |
| 19:06 | Create | Villager (Male) |
| 19:16 | Build | Farm |
| 19:17 | Build | Farm |
| 19:18 | Build | Farm |
| 19:18 | Build | Farm |
| 19:20 | Build | Farm |
| 19:30 | Create | Villager (Male) |
| 19:30 | Create | Villager (Male) |
| 19:41 | Build | Farm |
| 19:42 | Build | Farm |
| 19:43 | Build | Farm |
| 19:44 | Build | Farm |
| 19:44 | Build | Farm |
| 19:45 | Build | Farm |
| 19:47 | Build | Farm |
| 19:47 | Build | Farm |
| 19:56 | Create | Villager (Male) |
| 19:56 | Create | Villager (Male) |
| 20:16 | Build | Farm |
| 20:17 | Build | Farm |
| 20:18 | Build | Farm |
| 20:19 | Build | Farm |
| 20:23 | Create | Villager (Male) ×3 |
| 20:23 | Create | Villager (Male) ×3 |
| 20:34 | Build | Farm |
| 20:35 | Build | Farm |
| 20:36 | Build | Farm |
| 20:36 | Build | Farm |
| 20:37 | Build | Farm |
| 20:38 | Build | Farm |
| 20:40 | Build | Farm |
| 20:41 | Build | Farm |
| 20:41 | Build | Farm |
| 20:41 | Build | Farm |
| 20:45 | Create | Villager (Male) |
| 20:45 | Create | Villager (Male) ×2 |
| 20:45 | Create | Villager (Male) |
| 20:46 | Create | Villager (Male) |
| 20:46 | Create | Villager (Male) |
| 21:02 | Create | Villager (Male) |
| 21:19 | Create | Villager (Male) |
| 21:22 | Create | Villager (Male) ×2 |
| 21:22 | Create | Villager (Male) ×2 |
| 21:31 | Create | Villager (Male) |
| 21:31 | Create | Villager (Male) |
| 21:47 | Create | Villager (Male) ×2 |
| 21:47 | Create | Villager (Male) ×2 |
| 21:48 | Create | Villager (Male) |
| 21:49 | Create | Villager (Male) |
| 21:58 | Create | Villager (Male) |
| 21:58 | Create | Villager (Male) |
| 21:58 | Create | Villager (Male) |
| 22:10 | Create | Villager (Male) |
| 22:12 | Create | Villager (Male) |
| 22:15 | Create | Villager (Male) |
| 22:31 | Build | Town Center |
| 22:56 | Research | Town Watch |
| 22:56 | Research | Wheelbarrow |
| 23:02 | Build | House |
| 23:03 | Build | House |
| 23:04 | Build | House |
| 23:05 | Build | House |
| 23:06 | Build | House |
| 23:06 | Build | House |
| 23:07 | Build | House |
| 23:14 | Create | Villager (Male) ×5 |
| 23:14 | Create | Villager (Male) ×5 |
| 23:14 | Create | Villager (Male) ×3 |
Build order — Billyboy
First 150 of 248 actions detected
| 0:05 | Build | House |
| 0:06 | Create | Villager (Male) ×4 |
| 0:10 | Build | House |
| 1:32 | Create | Villager (Male) |
| 2:09 | Create | Villager (Male) |
| 2:47 | Create | Villager (Male) |
| 2:48 | Create | Villager (Male) |
| 2:51 | Research | Loom |
| 3:27 | Build | House |
| 3:31 | Build | House |
| 3:36 | Create | Villager (Male) |
| 3:36 | Create | Villager (Male) |
| 4:09 | Create | Villager (Male) |
| 4:35 | Create | Villager (Male) |
| 5:05 | Create | Villager (Male) |
| 5:29 | Create | Villager (Male) |
| 5:37 | Build | Lumber Camp |
| 5:43 | Build | Mill |
| 6:47 | Create | Villager (Male) |
| 7:34 | Research | Feudal Age |
| 8:13 | Build | House |
| 9:10 | Build | House |
| 9:41 | Build | House |
| 9:44 | Age | Feudal Age |
| 9:47 | Create | Villager (Male) ×5 |
| 10:23 | Build | Blacksmith |
| 10:37 | Build | Market |
| 11:44 | Create | Trade Cart |
| 11:54 | Build | Mining Camp |
| 11:56 | Create | Villager (Male) |
| 11:57 | Create | Villager (Male) |
| 12:04 | Build | Farm |
| 12:11 | Build | Farm |
| 12:47 | Create | Villager (Male) |
| 14:03 | Build | Farm |
| 14:09 | Build | Farm |
| 14:22 | Build | Mining Camp |
| 14:27 | Build | Farm |
| 15:18 | Research | Castle Age |
| 15:35 | Research | Stone Mining |
| 16:50 | Research | Double-Bit Axe |
| 17:51 | Research | Gold Mining |
| 17:58 | Age | Castle Age |
| 18:04 | Create | Villager (Male) ×3 |
| 18:35 | Build | Farm |
| 18:38 | Create | Villager (Male) |
| 18:54 | Create | Villager (Male) |
| 18:57 | Build | Farm |
| 19:22 | Build | Farm |
| 19:28 | Create | Villager (Male) |
| 19:50 | Build | Farm |
| 20:16 | Build | Farm |
| 20:18 | Create | Villager (Male) |
| 20:20 | Create | Villager (Male) |
| 20:30 | Build | Castle |
| 20:41 | Build | Farm |
| 20:42 | Create | Villager (Male) |
| 21:10 | Build | Farm |
| 21:30 | Build | Farm |
| 21:36 | Create | Villager (Male) ×4 |
| 21:55 | Build | Farm |
| 22:19 | Build | Farm |
| 22:30 | Research | Gold Mining |
| 22:52 | Build | Farm |
| 22:54 | Create | Villager (Male) |
| 22:55 | Create | Villager (Male) |
| 22:58 | Research | Bow Saw |
| 23:16 | Build | Town Center |
| 23:21 | Build | Farm |
| 23:34 | Build | Farm |
| 23:36 | Create | Villager (Male) ×3 |
| 23:59 | Build | Farm |
| 24:02 | Create | Villager (Male) ×3 |
| 24:27 | Build | Farm |
| 24:52 | Build | Farm |
| 24:55 | Create | Villager (Male) ×5 |
| 25:14 | Build | House |
| 25:17 | Build | House |
| 25:46 | Build | Town Center |
| 26:34 | Build | House |
| 26:39 | Research | Gold Shaft Mining |
| 26:46 | Create | Villager (Male) |
| 26:46 | Create | Villager (Male) |
| 26:47 | Create | Villager (Male) |
| 26:47 | Create | Villager (Male) |
| 26:49 | Create | Villager (Male) |
| 27:04 | Build | House |
| 27:07 | Build | House |
| 27:21 | Create | Villager (Male) |
| 27:22 | Create | Villager (Male) |
| 27:32 | Research | Horse Collar |
| 27:55 | Build | Farm |
| 27:58 | Build | Farm |
| 27:59 | Create | Villager (Male) |
| 27:59 | Create | Villager (Male) |
| 28:00 | Create | Villager (Male) |
| 28:05 | Build | House |
| 28:07 | Build | House |
| 28:26 | Create | Villager (Male) |
| 28:27 | Create | Villager (Male) |
| 28:28 | Create | Villager (Male) |
| 28:34 | Research | Wheelbarrow |
| 28:37 | Build | Farm |
| 29:03 | Build | Barracks |
| 29:05 | Build | Barracks |
| 29:06 | Build | Barracks |
| 29:08 | Build | Barracks |
| 29:11 | Build | Farm |
| 29:13 | Create | Villager (Male) |
| 29:14 | Create | Villager (Male) |
| 29:17 | Build | Farm |
| 29:21 | Create | Villager (Male) |
| 29:21 | Create | Villager (Male) |
| 29:42 | Build | Farm |
| 30:05 | Research | Imperial Age |
| 30:11 | Build | Farm |
| 30:14 | Create | Villager (Male) |
| 30:14 | Create | Villager (Male) |
| 30:22 | Build | Farm |
| 30:29 | Create | Villager (Male) ×2 |
| 30:47 | Build | Farm |
| 30:54 | Build | Farm |
| 30:56 | Create | Villager (Male) |
| 30:56 | Create | Villager (Male) |
| 31:02 | Research | Heavy Plow |
| 31:12 | Build | Farm |
| 31:16 | Build | Farm |
| 31:21 | Create | Villager (Male) |
| 31:21 | Create | Villager (Male) |
| 31:23 | Create | Villager (Male) |
| 31:25 | Create | Villager (Male) |
| 31:31 | Research | Squires |
| 31:43 | Research | Forging |
| 31:43 | Research | Scale Mail Armor |
| 31:47 | Build | Farm |
| 31:55 | Create | Villager (Male) |
| 31:55 | Create | Villager (Male) |
| 32:05 | Research | Scale Mail Armor |
| 32:13 | Research | Pikeman (upgrade) |
| 32:19 | Build | Farm |
| 32:23 | Create | Spearman ×3 |
| 32:29 | Build | Farm |
| 32:34 | Build | Lumber Camp |
| 32:46 | Create | Villager (Male) ×5 |
| 32:53 | Create | Spearman ×4 |
| 32:59 | Build | Farm |
| 33:14 | Research | Chain Mail Armor |
| 33:15 | Age | Imperial Age |
| 33:31 | Create | Villager (Male) |
| 33:32 | Create | Villager (Male) |
Build order — ystimesome
First 150 of 249 actions detected
| 0:05 | Create | Villager (Male) |
| 0:05 | Create | Villager (Male) |
| 0:05 | Create | Villager (Male) |
| 0:05 | Create | Villager (Male) |
| 0:06 | Create | Villager (Male) |
| 0:08 | Build | House |
| 0:10 | Build | House |
| 1:37 | Create | Villager (Male) |
| 1:53 | Build | Lumber Camp |
| 2:02 | Create | Villager (Male) |
| 2:20 | Create | Villager (Male) |
| 2:41 | Create | Villager (Male) |
| 3:17 | Create | Villager (Male) |
| 3:43 | Build | Mill |
| 3:51 | Create | Villager (Male) |
| 3:51 | Create | Villager (Male) |
| 4:06 | Build | House |
| 4:29 | Create | Villager (Male) |
| 4:29 | Create | Villager (Male) |
| 4:55 | Create | Villager (Male) |
| 4:55 | Create | Villager (Male) |
| 4:56 | Create | Villager (Male) |
| 5:07 | Build | House |
| 5:31 | Create | Villager (Male) |
| 6:06 | Create | Villager (Male) |
| 6:07 | Create | Villager (Male) |
| 6:11 | Create | Villager (Male) |
| 6:21 | Create | Villager (Male) |
| 6:31 | Create | Villager (Male) |
| 7:29 | Create | Villager (Male) |
| 8:00 | Create | Villager (Male) |
| 8:31 | Research | Feudal Age |
| 8:56 | Build | Mining Camp |
| 9:58 | Build | House |
| 11:03 | Build | Farm |
| 11:10 | Build | Farm |
| 11:15 | Age | Feudal Age |
| 11:16 | Research | Castle Age |
| 11:21 | Build | Farm |
| 11:24 | Build | Farm |
| 11:28 | Research | Double-Bit Axe |
| 11:42 | Research | Horse Collar |
| 11:48 | Build | Farm |
| 11:57 | Build | Farm |
| 12:05 | Create | Villager (Male) |
| 12:20 | Build | Farm |
| 13:30 | Build | Stable |
| 13:53 | Build | Blacksmith |
| 13:56 | Age | Castle Age |
| 14:00 | Create | Villager (Male) |
| 14:16 | Build | Lumber Camp |
| 14:24 | Create | Villager (Male) |
| 14:26 | Create | Villager (Male) |
| 14:38 | Research | Scale Barding Armor |
| 14:46 | Create | Knight |
| 14:46 | Create | Knight |
| 15:10 | Create | Knight |
| 15:15 | Create | Villager (Male) |
| 15:16 | Create | Villager (Male) |
| 15:20 | Research | Loom |
| 15:33 | Build | Mining Camp |
| 15:39 | Create | Villager (Male) |
| 15:45 | Build | House |
| 15:45 | Build | House |
| 15:46 | Build | House |
| 15:46 | Build | House |
| 15:47 | Build | House |
| 15:47 | Build | House |
| 15:48 | Build | House |
| 15:49 | Build | House |
| 15:56 | Create | Villager (Male) |
| 16:00 | Create | Villager (Male) |
| 16:10 | Create | Villager (Male) |
| 16:11 | Research | Wheelbarrow |
| 17:12 | Create | Villager (Male) |
| 17:12 | Create | Villager (Male) |
| 17:13 | Create | Villager (Male) |
| 17:23 | Create | Scout Cavalry |
| 17:27 | Create | Knight |
| 17:55 | Build | Siege Workshop |
| 17:58 | Create | Villager (Male) |
| 17:58 | Create | Villager (Male) |
| 18:25 | Create | Villager (Male) |
| 18:42 | Build | Market |
| 18:45 | Create | Knight |
| 19:20 | Create | Villager (Male) |
| 19:23 | Create | Battering Ram |
| 19:39 | Research | Bloodlines |
| 20:22 | Build | Monastery |
| 21:01 | Create | Villager (Male) |
| 21:02 | Create | Villager (Male) |
| 21:02 | Create | Villager (Male) |
| 21:03 | Create | Villager (Male) |
| 21:17 | Create | Knight |
| 21:25 | Create | Battering Ram |
| 21:28 | Create | Monk |
| 21:39 | Create | Villager (Male) |
| 21:39 | Create | Villager (Male) |
| 21:58 | Build | Farm |
| 22:05 | Build | Farm |
| 22:05 | Build | Farm |
| 22:06 | Build | Farm |
| 22:06 | Build | Farm |
| 22:06 | Build | Farm |
| 22:08 | Build | Farm |
| 22:12 | Create | Villager (Male) |
| 22:12 | Create | Villager (Male) |
| 22:12 | Create | Villager (Male) |
| 23:41 | Create | Monk |
| 23:58 | Create | Villager (Male) |
| 23:59 | Create | Villager (Male) |
| 23:59 | Create | Villager (Male) |
| 23:59 | Create | Villager (Male) |
| 24:10 | Build | Town Center |
| 24:12 | Create | Villager (Male) |
| 24:13 | Create | Villager (Male) |
| 24:13 | Create | Villager (Male) |
| 24:38 | Research | Redemption |
| 24:49 | Create | Mangonel |
| 24:59 | Create | Villager (Male) |
| 25:16 | Create | Battering Ram |
| 25:25 | Research | Gold Mining |
| 25:26 | Research | Stone Mining |
| 25:36 | Create | Villager (Male) |
| 26:26 | Create | Villager (Male) |
| 26:26 | Create | Villager (Male) |
| 26:27 | Create | Villager (Male) |
| 26:45 | Create | Knight |
| 26:46 | Research | Husbandry |
| 27:11 | Research | Chain Barding Armor |
| 27:19 | Build | Farm |
| 27:19 | Build | Farm |
| 27:20 | Build | Farm |
| 27:20 | Build | Farm |
| 27:20 | Build | Farm |
| 27:21 | Build | Farm |
| 27:21 | Build | Farm |
| 27:21 | Build | Farm |
| 27:22 | Build | Farm |
| 27:22 | Build | Farm |
| 27:22 | Build | Farm |
| 28:13 | Create | Monk |
| 28:19 | Create | Villager (Male) |
| 28:24 | Build | Farm |
| 28:24 | Build | Farm |
| 28:25 | Build | Farm |
| 28:25 | Build | Farm |
| 28:29 | Create | Villager (Male) |
| 28:29 | Create | Villager (Male) |
| 28:29 | Create | Villager (Male) |
Build order — Garloc
First 150 of 378 actions detected
| 0:02 | Create | Villager (Male) |
| 0:03 | Create | Villager (Male) |
| 0:03 | Create | Villager (Male) |
| 0:03 | Create | Villager (Male) |
| 0:03 | Create | Villager (Male) |
| 0:06 | Build | House |
| 0:22 | Research | Loom |
| 0:36 | Build | House |
| 0:38 | Build | House |
| 0:40 | Build | House |
| 0:44 | Build | House |
| 1:20 | Create | Villager (Male) |
| 1:23 | Research | Loom |
| 2:00 | Create | Villager (Male) |
| 2:15 | Create | Villager (Male) |
| 2:27 | Build | House |
| 2:29 | Build | House |
| 2:33 | Create | Villager (Male) |
| 2:34 | Create | Villager (Male) |
| 3:04 | Build | House |
| 3:09 | Create | Villager (Male) |
| 3:09 | Create | Villager (Male) |
| 3:09 | Create | Villager (Male) |
| 3:42 | Create | Villager (Male) |
| 3:43 | Create | Villager (Male) |
| 4:22 | Create | Villager (Male) |
| 4:32 | Create | Villager (Male) |
| 4:32 | Create | Villager (Male) |
| 5:25 | Create | Villager (Male) |
| 5:35 | Build | Lumber Camp |
| 6:10 | Create | Villager (Male) |
| 6:34 | Build | House |
| 6:37 | Build | House |
| 6:44 | Create | Villager (Male) |
| 7:04 | Build | House |
| 7:29 | Create | Villager (Male) |
| 7:40 | Build | Mining Camp |
| 7:42 | Create | Villager (Male) |
| 7:47 | Build | House |
| 7:49 | Build | House |
| 8:15 | Build | Mill |
| 8:27 | Create | Villager (Male) |
| 8:42 | Create | Villager (Male) |
| 8:50 | Build | House |
| 8:51 | Build | House |
| 8:53 | Build | House |
| 8:53 | Build | House |
| 8:54 | Build | House |
| 8:55 | Build | House |
| 9:02 | Create | Villager (Male) |
| 9:49 | Create | Villager (Male) |
| 10:00 | Create | Villager (Male) |
| 10:01 | Create | Villager (Male) |
| 10:02 | Create | Villager (Male) |
| 10:05 | Create | Villager (Male) |
| 10:16 | Build | Mill |
| 11:28 | Research | Feudal Age |
| 11:36 | Build | House |
| 11:37 | Build | House |
| 11:39 | Build | House |
| 11:40 | Build | House |
| 11:41 | Build | House |
| 11:42 | Build | House |
| 11:46 | Build | House |
| 11:48 | Build | House |
| 11:50 | Build | House |
| 12:00 | Build | Barracks |
| 12:21 | Create | Villager (Male) |
| 13:26 | Build | Farm |
| 13:27 | Build | Farm |
| 13:30 | Build | Farm |
| 13:30 | Build | Farm |
| 13:31 | Build | Farm |
| 13:31 | Build | Farm |
| 13:31 | Build | Farm |
| 13:39 | Build | Farm |
| 14:04 | Age | Feudal Age |
| 14:05 | Research | Double-Bit Axe |
| 14:07 | Research | Horse Collar |
| 14:09 | Research | Wheelbarrow |
| 14:43 | Build | Market |
| 14:55 | Build | Blacksmith |
| 15:08 | Create | Villager (Male) |
| 15:08 | Create | Villager (Male) |
| 15:16 | Create | Villager (Male) |
| 15:16 | Create | Villager (Male) |
| 15:31 | Build | Stable |
| 15:48 | Build | Mining Camp |
| 15:58 | Create | Villager (Male) |
| 16:14 | Build | House |
| 16:15 | Build | House |
| 17:16 | Research | Castle Age |
| 17:26 | Build | Mining Camp |
| 17:31 | Create | Villager (Male) |
| 17:42 | Build | House |
| 17:46 | Create | Scout Cavalry |
| 18:03 | Build | House |
| 18:05 | Build | House |
| 18:07 | Build | House |
| 18:21 | Create | Trade Cart |
| 18:26 | Build | House |
| 18:28 | Build | House |
| 18:29 | Build | House |
| 18:57 | Create | Spearman ×5 |
| 19:17 | Create | Trade Cart |
| 20:02 | Create | Spearman |
| 20:04 | Age | Castle Age |
| 20:07 | Build | House |
| 20:08 | Build | House |
| 20:09 | Build | House |
| 20:13 | Build | University |
| 20:18 | Research | Scale Barding Armor |
| 20:22 | Create | Villager (Male) |
| 20:39 | Build | Town Center |
| 20:50 | Build | Town Center |
| 20:54 | Create | Villager (Male) |
| 20:54 | Create | Villager (Male) |
| 20:56 | Create | Villager (Male) |
| 21:20 | Create | Camel Scout |
| 21:35 | Build | Stable |
| 21:38 | Build | Siege Workshop |
| 21:56 | Create | Villager (Male) |
| 21:56 | Create | Villager (Male) |
| 22:10 | Build | Town Center |
| 22:14 | Create | Villager (Male) |
| 22:19 | Create | Trade Cart |
| 22:26 | Build | University |
| 22:31 | Create | Camel Scout |
| 22:44 | Create | Villager (Male) |
| 23:03 | Create | Villager (Male) |
| 23:09 | Create | Mangonel |
| 23:10 | Create | Mangonel |
| 23:22 | Build | Farm |
| 23:22 | Build | Farm |
| 23:23 | Build | Farm |
| 23:23 | Build | Farm |
| 23:30 | Create | Villager (Male) |
| 23:31 | Create | Villager (Male) |
| 23:39 | Create | Villager (Male) |
| 23:45 | Create | Mangonel |
| 24:11 | Create | Camel Scout |
| 24:33 | Create | Camel Scout |
| 24:35 | Create | Villager (Male) |
| 24:35 | Create | Villager (Male) |
| 24:43 | Create | Trade Cart |
| 24:45 | Create | Villager (Male) |
| 24:57 | Build | Stable |
| 25:08 | Create | Villager (Male) |
| 25:09 | Create | Villager (Male) |
| 25:15 | Build | Farm |
Build order — SilverWolf
First 150 of 385 actions detected
| 0:01 | Create | Villager (Male) |
| 0:02 | Create | Villager (Male) |
| 0:02 | Create | Villager (Male) |
| 0:02 | Create | Villager (Male) |
| 0:08 | Build | House |
| 0:11 | Build | House |
| 1:40 | Create | Villager (Male) |
| 1:40 | Create | Villager (Male) |
| 1:52 | Build | Lumber Camp |
| 2:03 | Create | Villager (Male) |
| 2:04 | Create | Villager (Male) |
| 2:24 | Create | Villager (Male) |
| 2:25 | Create | Villager (Male) |
| 2:25 | Create | Villager (Male) |
| 2:50 | Create | Villager (Male) |
| 2:51 | Create | Villager (Male) |
| 2:51 | Create | Villager (Male) |
| 3:14 | Create | Villager (Male) |
| 3:14 | Create | Villager (Male) |
| 3:33 | Build | House |
| 3:40 | Create | Villager (Male) |
| 3:40 | Create | Villager (Male) |
| 3:58 | Create | Villager (Male) |
| 3:58 | Create | Villager (Male) |
| 3:59 | Create | Villager (Male) |
| 4:03 | Build | Mill |
| 4:22 | Create | Villager (Male) |
| 4:22 | Create | Villager (Male) |
| 5:02 | Create | Villager (Male) |
| 5:02 | Create | Villager (Male) |
| 5:36 | Create | Villager (Male) |
| 5:37 | Create | Villager (Male) |
| 5:37 | Create | Villager (Male) |
| 5:37 | Create | Villager (Male) |
| 6:03 | Create | Villager (Male) |
| 6:04 | Create | Villager (Male) |
| 6:04 | Create | Villager (Male) |
| 6:13 | Create | Villager (Male) |
| 6:14 | Create | Villager (Male) |
| 6:42 | Create | Villager (Male) |
| 6:43 | Create | Villager (Male) |
| 7:32 | Create | Villager (Male) |
| 7:33 | Create | Villager (Male) |
| 7:33 | Create | Villager (Male) |
| 7:47 | Build | House |
| 8:13 | Build | Mining Camp |
| 8:17 | Create | Villager (Male) |
| 9:13 | Create | Villager (Male) |
| 9:13 | Create | Villager (Male) |
| 9:49 | Research | Feudal Age |
| 10:05 | Build | Farm |
| 10:05 | Build | Farm |
| 10:55 | Build | Farm |
| 10:57 | Build | Farm |
| 10:58 | Build | Farm |
| 11:25 | Build | House |
| 12:20 | Build | House |
| 12:22 | Age | Feudal Age |
| 12:29 | Build | Market |
| 12:33 | Build | Blacksmith |
| 12:36 | Create | Villager (Male) |
| 12:36 | Create | Villager (Male) |
| 12:41 | Research | Double-Bit Axe |
| 12:51 | Build | House |
| 13:36 | Research | Castle Age |
| 13:43 | Build | Farm |
| 13:45 | Build | Farm |
| 13:51 | Build | House |
| 14:01 | Research | Stone Mining |
| 14:15 | Build | Farm |
| 14:25 | Build | Palisade Wall |
| 14:55 | Build | House |
| 15:13 | Research | Horse Collar |
| 16:00 | Build | House |
| 16:16 | Age | Castle Age |
| 16:22 | Build | Town Center |
| 16:25 | Create | Villager (Male) |
| 16:26 | Create | Villager (Male) |
| 16:26 | Create | Villager (Male) |
| 16:35 | Build | Monastery |
| 16:56 | Research | Bow Saw |
| 17:01 | Create | Villager (Male) |
| 17:01 | Create | Villager (Male) |
| 17:01 | Create | Villager (Male) |
| 17:08 | Build | House |
| 17:26 | Create | Monk |
| 17:41 | Build | Town Center |
| 17:46 | Create | Villager (Male) |
| 17:47 | Create | Villager (Male) |
| 17:47 | Create | Villager (Male) |
| 17:47 | Create | Villager (Male) |
| 18:10 | Build | Mill |
| 18:29 | Create | Villager (Male) |
| 18:29 | Create | Villager (Male) |
| 18:30 | Create | Villager (Male) |
| 18:30 | Create | Villager (Male) |
| 18:50 | Build | Farm |
| 18:52 | Build | Farm |
| 18:54 | Build | Farm |
| 18:56 | Build | Farm |
| 18:56 | Build | Farm |
| 19:12 | Create | Monk |
| 19:20 | Research | Wheelbarrow |
| 19:57 | Build | Farm |
| 19:58 | Build | Farm |
| 20:02 | Research | Loom |
| 20:03 | Create | Villager (Male) |
| 20:03 | Create | Villager (Male) |
| 20:03 | Create | Villager (Male) |
| 20:04 | Create | Villager (Male) |
| 20:04 | Create | Villager (Male) |
| 20:04 | Create | Villager (Male) |
| 20:23 | Build | Farm |
| 20:25 | Create | Villager (Male) |
| 20:25 | Create | Villager (Male) |
| 20:25 | Create | Villager (Male) |
| 20:26 | Create | Villager (Male) |
| 20:43 | Build | Mill |
| 20:46 | Create | Villager (Male) |
| 20:46 | Create | Villager (Male) |
| 20:46 | Create | Villager (Male) |
| 20:46 | Create | Villager (Male) |
| 20:59 | Build | House |
| 21:00 | Build | House |
| 21:02 | Build | House |
| 21:04 | Create | Villager (Male) |
| 21:05 | Create | Villager (Male) |
| 21:13 | Build | Farm |
| 21:14 | Build | Farm |
| 21:16 | Build | Farm |
| 21:18 | Build | Farm |
| 21:22 | Create | Villager (Male) |
| 21:22 | Create | Villager (Male) |
| 21:22 | Create | Villager (Male) |
| 21:22 | Create | Villager (Male) |
| 21:44 | Research | Gold Mining |
| 21:48 | Create | Villager (Male) |
| 21:48 | Create | Villager (Male) |
| 22:10 | Build | Farm |
| 22:11 | Build | Farm |
| 22:13 | Build | Farm |
| 22:32 | Research | Hand Cart |
| 22:32 | Research | Hand Cart |
| 22:34 | Create | Villager (Male) |
| 22:34 | Create | Villager (Male) |
| 22:34 | Create | Villager (Male) |
| 22:34 | Create | Villager (Male) |
| 22:47 | Build | Mill |
| 22:56 | Build | Farm |
| 22:58 | Research | Heavy Plow |
Build order — Namtar
First 150 of 241 actions detected
| 0:02 | Research | Loom |
| 0:03 | Create | Villager (Male) ×4 |
| 0:03 | Create | Villager (Male) ×4 |
| 0:09 | Build | House |
| 0:11 | Build | House |
| 0:12 | Build | House |
| 2:03 | Create | Villager (Male) |
| 2:15 | Build | Lumber Camp |
| 2:19 | Create | Villager (Male) |
| 3:00 | Create | Villager (Male) |
| 3:11 | Create | Villager (Male) |
| 5:44 | Create | Villager (Male) ×5 |
| 5:44 | Create | Villager (Male) ×5 |
| 7:27 | Create | Villager (Male) ×4 |
| 7:27 | Create | Villager (Male) ×4 |
| 7:38 | Build | House |
| 7:42 | Build | House |
| 8:36 | Create | Villager (Male) ×3 |
| 8:36 | Create | Villager (Male) ×3 |
| 9:17 | Build | Mill |
| 10:39 | Research | Feudal Age |
| 11:38 | Build | Mining Camp |
| 11:52 | Build | Lumber Camp |
| 12:06 | Build | Farm |
| 12:06 | Build | Farm |
| 12:07 | Build | Farm |
| 12:07 | Build | Farm |
| 12:07 | Build | Farm |
| 12:08 | Build | Farm |
| 12:09 | Build | Farm |
| 12:30 | Create | Villager (Male) |
| 12:30 | Create | Villager (Male) |
| 12:30 | Create | Villager (Male) |
| 12:30 | Create | Villager (Male) |
| 12:42 | Build | Farm |
| 13:19 | Age | Feudal Age |
| 13:54 | Build | Market |
| 14:09 | Build | Farm |
| 14:09 | Build | Farm |
| 14:43 | Build | Blacksmith |
| 15:16 | Build | Farm |
| 15:16 | Build | Farm |
| 15:30 | Build | House |
| 16:47 | Research | Castle Age |
| 16:48 | Research | Castle Age |
| 16:50 | Create | Villager (Male) ×2 |
| 17:09 | Build | Mining Camp |
| 17:24 | Build | Farm |
| 17:43 | Research | Double-Bit Axe |
| 18:10 | Research | Horse Collar |
| 18:24 | Create | Villager (Male) |
| 18:24 | Create | Villager (Male) |
| 18:25 | Create | Villager (Male) |
| 18:25 | Create | Villager (Male) |
| 18:34 | Research | Wheelbarrow |
| 19:27 | Age | Castle Age |
| 20:37 | Create | Villager (Male) |
| 20:37 | Create | Villager (Male) |
| 20:37 | Create | Villager (Male) |
| 20:37 | Create | Villager (Male) |
| 20:45 | Build | Town Center |
| 20:51 | Build | Town Center |
| 21:47 | Build | Barracks |
| 22:16 | Create | Villager (Male) |
| 22:16 | Create | Villager (Male) |
| 22:22 | Research | Bow Saw |
| 22:49 | Create | Villager (Male) |
| 22:55 | Create | Villager (Male) |
| 22:55 | Create | Villager (Male) |
| 23:12 | Build | House |
| 23:13 | Build | House |
| 23:18 | Create | Villager (Male) |
| 23:18 | Create | Villager (Male) |
| 23:18 | Create | Villager (Male) |
| 23:19 | Create | Villager (Male) |
| 23:41 | Create | Villager (Male) |
| 23:42 | Create | Villager (Male) |
| 23:48 | Build | Farm |
| 23:49 | Build | Farm |
| 23:50 | Build | Farm |
| 23:51 | Build | Farm |
| 23:55 | Create | Villager (Male) |
| 24:07 | Create | Villager (Male) |
| 24:07 | Create | Villager (Male) |
| 24:14 | Build | Stable |
| 24:20 | Create | Villager (Male) |
| 24:36 | Build | University |
| 24:40 | Create | Villager (Male) |
| 24:40 | Create | Villager (Male) |
| 24:40 | Create | Villager (Male) |
| 24:53 | Build | Stable |
| 25:09 | Build | Barracks |
| 25:18 | Create | Villager (Male) |
| 25:18 | Create | Villager (Male) |
| 25:18 | Create | Villager (Male) |
| 25:33 | Build | Castle |
| 25:37 | Build | Mining Camp |
| 25:42 | Create | Villager (Male) |
| 25:42 | Create | Villager (Male) |
| 25:42 | Create | Villager (Male) |
| 25:54 | Build | House |
| 25:55 | Build | House |
| 25:56 | Build | House |
| 25:56 | Build | House |
| 26:00 | Build | Farm |
| 26:01 | Build | Farm |
| 26:04 | Create | Villager (Male) |
| 26:04 | Create | Villager (Male) |
| 26:04 | Create | Villager (Male) |
| 26:08 | Research | Ballistics |
| 26:16 | Research | Squires |
| 26:18 | Create | Fire Lancer ×5 |
| 26:35 | Create | Villager (Male) |
| 27:07 | Build | Farm |
| 27:08 | Build | Farm |
| 27:08 | Build | Farm |
| 27:09 | Build | Farm |
| 27:10 | Build | Farm |
| 27:16 | Create | Villager (Male) |
| 27:19 | Create | Villager (Male) |
| 27:22 | Create | Fire Lancer ×5 |
| 27:28 | Create | War Wagon ×3 |
| 27:42 | Create | Villager (Male) ×3 |
| 27:59 | Create | Fire Lancer ×2 |
| 28:13 | Research | Fletching |
| 28:49 | Create | War Wagon |
| 28:49 | Create | War Wagon |
| 29:03 | Research | Husbandry |
| 29:03 | Research | Husbandry |
| 29:06 | Research | Bodkin Arrow |
| 29:06 | Research | Bodkin Arrow |
| 29:22 | Create | War Wagon |
| 29:29 | Create | Fire Lancer |
| 29:32 | Research | Forging |
| 29:43 | Build | Mining Camp |
| 29:55 | Build | Lumber Camp |
| 29:59 | Research | Gold Mining |
| 30:17 | Create | Fire Lancer |
| 30:17 | Create | Fire Lancer |
| 30:18 | Create | Fire Lancer |
| 30:18 | Create | Fire Lancer |
| 30:22 | Create | War Wagon ×2 |
| 30:22 | Create | War Wagon ×2 |
| 30:38 | Build | Siege Workshop |
| 30:38 | Build | Siege Workshop |
| 30:46 | Research | Gold Shaft Mining |
| 30:50 | Create | Villager (Male) |
| 30:50 | Create | Villager (Male) |
| 30:51 | Create | Villager (Male) |
| 30:51 | Create | Villager (Male) |
Match timeline
| 9:44 | Billyboy · age_up feudal |
| 10:29 | Yaee · age_up feudal |
| 11:15 | ystimesome · age_up feudal |
| 12:00 | Garloc · first_building Barracks |
| 12:22 | SilverWolf · age_up feudal |
| 12:40 | Yaee · first_building Barracks |
| 13:19 | Namtar · age_up feudal |
| 13:28 | konif · age_up feudal |
| 13:30 | ystimesome · first_building Stable |
| 13:56 | ystimesome · age_up castle |
| 14:04 | Garloc · age_up feudal |
| 14:07 | Yaee · first_building Stable |
| 14:25 | SilverWolf · wall_segment Palisade Wall x1 |
| 14:37 | SamTheSlayer · age_up feudal |
| 15:31 | Garloc · first_building Stable |
| 15:50 | Namtar · first_market_buy 100 food |
| 15:51 | Namtar · first_market_sell 100 wood |
| 16:16 | SilverWolf · age_up castle |
| 16:35 | SilverWolf · first_building Monastery |
| 17:23 | konif · age_up castle |
| 17:55 | ystimesome · first_building Siege Workshop |
| 17:58 | Billyboy · age_up castle |
| 18:18 | SamTheSlayer · age_up castle |
| 18:20 | Garloc · first_market_sell 100 food |
| 19:27 | Namtar · age_up castle |
| 19:36 | ystimesome · first_market_buy 100 food |
| 19:51 | konif · wall_segment Stone Wall x1 |
| 19:53 | konif · wall_segment Stone Wall x1 |
| 19:54 | konif · wall_segment Stone Wall x1 |
| 19:55 | konif · wall_segment Stone Wall x1 |
| 20:04 | Garloc · age_up castle |
| 20:22 | ystimesome · first_building Monastery |
| 20:30 | Billyboy · first_building Castle |
| 20:34 | konif · first_building Monastery |
| 21:08 | Yaee · first_market_buy 100 food |
| 21:38 | Garloc · first_building Siege Workshop |
| 21:47 | Namtar · first_building Barracks |
| 21:52 | Yaee · first_building Archery Range |
| 22:00 | konif · wall_segment Stone Wall x4 |
| 22:02 | konif · wall_segment Stone Wall x1 |
| 22:04 | konif · wall_segment Stone Wall x1 |
| 23:53 | Yaee · age_up castle |
| 24:14 | Namtar · first_building Stable |
| 24:41 | Yaee · first_building Castle |
| 25:33 | Namtar · first_building Castle |
| 25:53 | SilverWolf · first_building Castle |
| 26:57 | SamTheSlayer · first_building Castle |
| 27:53 | SilverWolf · first_building Barracks |
| 28:51 | SamTheSlayer · first_building Monastery |
| 29:03 | Billyboy · first_building Barracks |
| 29:25 | SilverWolf · first_building Stable |
| 29:38 | SamTheSlayer · first_building Barracks |
| 29:55 | Billyboy · first_market_buy 100 food |
| 30:38 | Namtar · first_building Siege Workshop |
| 30:46 | konif · first_building Castle |
| 30:48 | SamTheSlayer · first_building Archery Range |
| 31:04 | konif · first_building Barracks |
| 32:16 | ystimesome · first_building Castle |
| 32:16 | Yaee · age_up imperial |
| 32:20 | SamTheSlayer · age_up imperial |
| 32:47 | Garloc · first_market_buy 500 food |
| 33:15 | Billyboy · age_up imperial |
| 33:25 | konif · age_up imperial |
| 33:26 | SilverWolf · age_up imperial |
| 33:45 | ystimesome · age_up imperial |
| 33:53 | SamTheSlayer · first_market_sell 500 food |
| 33:56 | SamTheSlayer · first_market_buy 100 wood |
| 34:07 | SamTheSlayer · first_building Siege Workshop |
| 34:44 | Garloc · first_building Castle |
| 35:28 | SilverWolf · first_market_sell 100 food |
| 37:48 | Garloc · age_up imperial |
| 39:41 | ystimesome · wall_segment Stone Wall x1 |
| 40:06 | konif · first_building Archery Range |
| 40:24 | Garloc · first_building Archery Range |
| 40:41 | konif · wall_segment Stone Wall x5 |
| 41:20 | Namtar · age_up imperial |
| 43:23 | Billyboy · first_market_sell 100 wood |
| 44:18 | konif · first_market_sell 100 wood |
| 44:25 | ystimesome · first_market_sell 500 wood |
| 45:44 | Billyboy · resign |
| 46:35 | Yaee · first_market_sell 100 wood |
[ AI ANALYSIS · 1 CREDIT ]
What really happened in this match?
Wolo.gg analyzes every decision: build order, eco, micro, common mistakes by bracket. Personalized analysis on WhatsApp or Discord in 30 seconds.
Civ guide
Byzantines
Perfil
Jugador #20140331